 Dungeon Crawl Stone Soup version 0.30-a0-860-g512cf1e979 (webtiles) character file.

Game seed: 11127607542809857262

8640 Rocko1345 the Carver (level 11, -8/84 HPs)
             Began as a Demonspawn Chaos Knight on Mar 8, 2023.
             Was a Plaything of Xom.
             Mangled by a green death (22 damage)
             ... in a Gauntlet.
             The game lasted 00:31:12 (8683 turns).

Rocko1345 the Carver (Demonspawn Chaos Knight)      Turns: 8683, Time: 00:31:13

Health: -8/84      AC: 18    Str: 14    XL:     11   Next: 12%
Magic:  0/11       EV:  5    Int: 13    God:    Xom [...*..]
Gold:   1524       SH:  0    Dex: 14    Spells: 10/10 levels left

rFire   + . .      SeeInvis +    s - +11 Screaming Sword {sonic wave}
rCold   + . .      Faith    .    (no shield)
rNeg    . . .      Spirit   +    x - +0 plate armour
rPois   +          Reflect  .    B - +0 helmet
rElec   +          Rampage  .    (no cloak)
rCorr   +          NoTele   +    n - +0 pair of gloves
Will    .....                    P - +0 pair of boots Stlth
                                 k - amulet of the acrobat
HPRegen 0.34/turn                q - ring of see invisible
MPRegen 0.24/turn                h - ring of resist corrosion

@: mighty, resistant
A: slimy green scales 1, magic shield, magic regeneration, magic link, weakness
stinger 2, hooves 1, see invisible, weak 1
a: Renounce Religion


You were in a Gauntlet.
You worshipped Xom.
You were a favourite toy of Xom.
You visited 2 branches of the dungeon, and saw 9 of its levels.
You also visited: Gauntlet.

You collected 1634 gold pieces.
You spent 110 gold pieces at shops.

Inventory:

Hand Weapons
 a - a +0 falchion of chaos
 e - a +1 dagger of protection
 l - a +0 hand axe of freezing
 s - the +11 Screaming Sword (weapon) {sonic wave}
   (You found it on level 2 of the Dungeon)
 u - a +1 dagger of electrocution
 A - a +0 arbalest of freezing
Missiles
 d - 4 boomerangs of dispersal
 j - 16 boomerangs
 D - 4 javelins
 O - 5 atropa-tipped darts
Armour
 b - a +2 leather armour
 n - a +0 pair of gloves (worn)
 x - a +0 plate armour (worn)
 B - a +0 helmet (worn)
 G - a +3 leather armour of fire resistance
 P - a +0 pair of boots (worn)
 U - the +0 leather armour "Qegugy" {rF- Dex+4}
   (You found it on level 6 of the Dungeon)

   Dex:       It affects your dexterity (+4).
   rF:        It makes you vulnerable to fire.
Jewellery
 h - a ring of resist corrosion (right hand)
 k - an amulet of the acrobat (around neck)
 o - a ring of wizardry
 q - a ring of see invisible (left hand)
 w - a ring of wizardry
 K - a +6 ring of dexterity
 Q - a ring of flight
Wands
 F - a wand of polymorph (16)
 H - a wand of digging (5)
 R - a wand of acid (11)
 Z - a wand of iceblast (14) (quivered)
Scrolls
 f - 3 scrolls of magic mapping
 v - a scroll of silence
 y - a scroll of brand weapon
 E - 3 scrolls of enchant weapon
 I - 3 scrolls of fog {unknown}
 J - 3 scrolls of enchant armour {unknown}
 L - 2 scrolls of amnesia
 N - a scroll of teleportation {unknown}
 V - a scroll of vulnerability {unknown}
 W - 2 scrolls of poison {unknown}
 Y - a scroll of immolation {unknown}
Potions
 g - 3 potions of might
 i - 2 potions of curing
 m - 3 potions of mutation
 p - a potion of berserk rage
 r - 2 potions of attraction
 t - 2 potions of cancellation
 z - a potion of lignification
 C - a potion of resistance
 M - a potion of flight {unknown}
 S - 2 potions of haste
 T - 2 potions of brilliance
 X - a potion of magic
Miscellaneous
 c - a piece from Xom's chessboard (15/15)


   Skills:
 + Level 7.2 Fighting
 + Level 11.5 Long Blades
 + Level 6.4 Armour
 + Level 2.2 Dodging
 + Level 3.1 Stealth
 * Level 6.8 Evocations


You had 10 spell levels left.
You didn't know any spells.
Your spell library contained the following spells:

 Spells                   Type           Power      Damage    Failure   Level
 Freeze                   Ice            0%         1d3       100%        1
 Frozen Ramparts          Ice            0%         1d1       100%        3
 Hailstorm                Conj/Ice       0%         3d3       100%        3
 Kindle Blastsparks       Fire/Tloc/Air  0%         2d10      100%        3
 Fulminant Prism          Conj/Hex       0%         3d5       100%        4
 Iskenderun's Mystic Bla  Conj/Tloc      0%         2d3       100%        4
 Lee's Rapid Deconstruct  Erth           0%         3d4*      100%        5


Dungeon Overview and Level Annotations

Branches:
Dungeon (8/15)             Temple (0/1) D:5            Lair (1/5) D:8
Gauntlet (1/1)

Altars:
Cheibriados
Dithmenos
Fedhas
Gozag
Sif Muna
Trog
Uskayaw

Shops:
D:2 *

Annotations:
Gauntlet 7 transporters, exclusion: orange crystal statue


Innate Abilities, Weirdness & Mutations

You are partially covered in slimy green scales. (AC +2)
When hurt, damage is shared between your health and your magic reserves.
You regenerate magic rapidly.
When low on magic, you restore magic in place of health.
You have a tail ending in a sharp stinger.
You have large cloven feet.
You have supernaturally acute eyesight. (SInv)
You are weak. (Str -2)


Message History

The orange demon hits you but does no damage.
You slice the orange demon!!
Your tail-slap misses the orange demon.
The orange demon is almost dead.
The orange demon stings you but does no damage.
The orange demon barely misses you.
You slash the orange demon!
You kill the orange demon!
You barely miss the green death. The green death hits you!!
You completely miss the green death. The green death gestures at you.
The bolt of poison hits you!!!
You are poisoned.
* * * LOW HITPOINT WARNING * * *
You feel better. The green death gestures at you.
The blast of poison engulfs you but does no damage.
You are poisoned.
You feel protected.
You feel very sick. The green death gestures at you.
The blast of poison engulfs you. You resist.
* * * LOW HITPOINT WARNING * * *
You feel very mighty all of a sudden.
You feel sick. "See what I see, my child!"
You detect items!
The green death hits you!
* * * LOW HITPOINT WARNING * * *
You feel better. The green death gestures at you. The bolt of poison hits you.
You resist.
* * * LOW HITPOINT WARNING * * *
You feel better. The green death gestures at you. The poison arrow hits you!
You are poisoned.
You partially resist.
* * * LOW HITPOINT WARNING * * *
You feel better. The green death hits you!!
You die...
Xom bursts into laughter!

.............≈# ###############
### ### ### ### #
..............###≈###≈###≈###≈###
⌠8..8∩8..8⌠8...#≈≈≈#≈≈≈#≈≈≈#≈≈≈#≈
.................................
#################################
8#©#...'.#8©8#°○°©##.#8©8#..8#8.8
.#.#.###†#...##°.##!.#...#...8...
.#...#...#...###@#..[#...#8.8.8..
©#####.###©.©#.##2##©#©.©##8.©.8©
##.....#©#####...#.#######8.8.8.!
.#.#####.#...#..##.○##...#...8..=
.#.......#.8.#.##....#.8.#..8#8..
.#########...#########...########
.................................
≈≈≈#≈≈≈#≈≈≈#≈≈≈#≈≈≈#≈≈≈#≈≈≈#≈≈≈#≈
#≈###≈###≈###≈###≈###≈###≈###≈###


You could see a green death.

Vanquished Creatures
  The ghost of BubbleThief the Fighter, a novice DsNe of Kikubaaqudgha (D:6)
  A moth of wrath (Gauntlet)
  2 orange demons (Gauntlet)
  A smoke demon (Gauntlet)
  A cane toad (Lair:1)
  A torpor snail (Gauntlet)
  A komodo dragon (Lair:1)
  Sigmund (D:2)
  A wyvern (D:8)
  5 yaks (D:8)
  A human (D:8)
  A steam dragon (D:8)
  A water moccasin (D:7)
  2 orc warriors
  A swamp drake (D:8)
  3 ice beasts
  A sky beast (D:6)
  3 black bears
  An ogre (D:6)
  8 wolves (Gauntlet)
  A centaur (D:7)
  2 phantoms (D:6)
  4 bullfrogs
  4 scorpions
  5 wights (D:7)
  10 killer bees (D:7)
  3 howler monkeys
  4 crimson imps (Gauntlet)
  2 hounds
  A gnoll bouda (D:7)
  2 orc priests
  2 jellies
  A sleepcap (D:6)
  Natasha (D:3)
  5 iguanas
  7 orc wizards
  Robin (D:2)
  4 gnolls (D:7)
  11 adders
  A shadow imp (D:7)
  3 white imps
  An ufetubus (D:5)
  2 worms (D:2)
  5 dart slugs
  26 orcs
  6 ball pythons
  4 bats
  5 endoplasms
  4 giant cockroaches
  6 hobgoblins
  5 jackals
  3 quokkas
  4 frilled lizards
  12 goblins
  7 kobolds
  4 rats
  3 toadstools (D:5)
208 creatures vanquished.

Vanquished Creatures (collateral kills)
  A steam dragon (D:8)
  8 killer bees (D:7)
  Jessica (D:2)
  3 gnolls (D:4)
  An orc (D:8)
14 creatures vanquished.

Vanquished Creatures (others)
  An orc (D:8)
  14 fungi
  3 plants (Lair:1)
18 creatures vanquished.

Grand Total: 240 creatures vanquished

Notes
Turn   | Place    | Note
-------+----------+-------------------------------------------
     0 | D:1      | Rocko1345 the Demonspawn Chaos Knight began the quest for
                  | the Orb.
     0 | D:1      | Reached XP level 1. HP: 18/18 MP: 1/1
   224 | D:1      | Gained mutation: You have a small tail. [demonic ancestry]
   224 | D:1      | Reached XP level 2. HP: 21/24 MP: 2/2
   575 | D:1      | Reached skill level 1 in Dodging
   632 | D:2      | Reached skill level 3 in Long Blades
   772 | D:2      | Found Ragoidgh's Assorted Antiques.
   795 | D:2      | Noticed Robin
   811 | D:2      | Killed Robin
   812 | D:2      | Reached XP level 3. HP: 29/29 MP: 3/3
  1014 | D:2      | Found the +11 Singing Sword {sonic wave}
  1019 | D:2      | Noticed Jessica
  1048 | D:2      | Gained mutation: You are vulnerable to heat. (rF-) [potion
                  | of mutation]
  1048 | D:2      | Gained mutation: You have supernaturally acute eyesight.
                  | (SInv) [potion of mutation]
  1048 | D:2      | Gained mutation: Your mind is acute. (Int +4, Str/Dex -1)
                  | [potion of mutation]
  1051 | D:2      | XOM: cast spell 'Summon Cactus Giant'
  1053 | D:2      | Killed Jessica
  1054 | D:2      | Gained mutation: You are partially covered in slimy green
                  | scales. (AC +2) [demonic ancestry]
  1054 | D:2      | Reached XP level 4. HP: 7/35 MP: 4/4
  1271 | D:2      | Reached skill level 1 in Stealth
  1308 | D:2      | XOM: polymorph dart slug -> rat
  1339 | D:2      | XOM: 4-stop teleportation journey
  1469 | D:2      | Noticed Sigmund
  1478 | D:2      | Killed Sigmund
  1479 | D:2      | Reached skill level 4 in Long Blades
  1479 | D:2      | Gained mutation: You regenerate magic rapidly. [demonic
                  | ancestry]
  1479 | D:2      | Reached XP level 5. HP: 42/42 MP: 5/5
  1626 | D:3      | XOM: stealth player
  1734 | D:3      | XOM: cast spell 'Necromutation'
  1798 | D:3      | Gained mutation: When hurt, damage is shared between your
                  | health and your magic reserves. [demonic ancestry]
  1798 | D:3      | Reached XP level 6. HP: 48/48 MP: 6/6
  2106 | D:3      | Noticed Ijyb
  2113 | D:3      | Ijyb changed into Ijyb the howler monkey
  2113 | D:3      | Noticed Ijyb
  2113 | D:3      | XOM: polymorph Ijyb -> Ijyb the howler monkey
  2114 | D:3      | Killed Ijyb the howler monkey
  2224 | D:3      | Found a shadowy altar of Dithmenos.
  2290 | D:3      | Noticed Natasha
  2299 | D:3      | Killed Natasha
  3093 | D:4      | XOM: enchant monster (bad)
  3468 | D:4      | XOM: divination: detect creatures
  3574 | D:4      | Reached skill level 5 in Long Blades
  3606 | D:4      | Gained mutation: When low on magic, you restore magic in
                  | place of health. [demonic ancestry]
  3606 | D:4      | Reached XP level 7. HP: 55/55 MP: 7/7
  3612 | D:4      | XOM: confusion
  3619 | D:4      | XOM: cast spell 'Summon Ice Beast'
  3631 | D:4      | XOM: scenery: 1 doors close
  3779 | D:4      | Found a snail-covered altar of Cheibriados.
  3894 | D:5      | Entered Level 5 of the Dungeon
  4105 | D:5      | Reached skill level 6 in Long Blades
  4246 | D:5      | Found a staircase to the Ecumenical Temple.
  4296 | D:5      | XOM: god gift: 930 gold pieces
  4669 | D:5      | Found a shimmering blue altar of Sif Muna.
  4893 | D:5      | XOM: cloud trail
  4961 | D:2      | Bought a scroll of identify for 44 gold pieces
  4961 | D:2      | Bought a potion of curing for 66 gold pieces
  4973 | D:2      | XOM: god gift: 5 stones
  5056 | D:6      | Gained mutation: You have a tail ending in a sharp stinger.
                  | [demonic ancestry]
  5056 | D:6      | Reached XP level 8. HP: 61/61 MP: 8/8
  5089 | D:6      | XOM: enchant monster (good)
  5091 | D:6      | Reached skill level 1 in Evocations
  5119 | D:6      | Identified the +0 leather armour "Qegugy" {rF- Dex+4}
  5149 | D:6      | Reached skill level 5 in Fighting
  5149 | D:6      | Reached skill level 7 in Long Blades
  5165 | D:6      | Found a bloodstained altar of Trog.
  5277 | D:6      | Found a runed translucent gate.
  5277 | D:6      | Found a runed translucent gate.
  5454 | D:6      | Found a runed translucent gate.
  5456 | D:6      | Found an opulent altar of Gozag.
  5458 | D:6      | Noticed BubbleThief's ghost (novice DsNe)
  5536 | D:6      | XOM: confuse monster(s)
  5639 | D:6      | Reached skill level 8 in Long Blades
  5639 | D:6      | XOM: cleaving
  5641 | D:6      | Reached XP level 9. HP: 68/68 MP: 9/9
  5644 | D:6      | Killed BubbleThief's ghost
  5698 | D:7      | XOM: cleaving
  5793 | D:7      | XOM: summons friendly shadow imp
  5808 | D:7      | Reached skill level 9 in Long Blades
  5992 | D:7      | XOM: summons 4 friendly demons
  6072 | D:7      | XOM: scenery: 1 doors open, 2 doors close
  6144 | D:7      | XOM: 4-stop teleportation journey
  6231 | D:7      | XOM: scenery: 1 doors close
  6234 | D:7      | XOM: summons friendly crimson imp
  6237 | D:7      | XOM: summons 9 friendly demons
  6247 | D:7      | Reached skill level 5 in Armour
  6427 | D:7      | XOM: scenery: 2 doors close
  6458 | D:7      | XOM: 3-stop teleportation journey
  6801 | D:7      | Reached XP level 10. HP: 74/77 MP: 10/10
  6829 | D:7      | Reached skill level 5 in Evocations
  7147 | D:8      | Reached skill level 10 in Long Blades
  7162 | D:8      | XOM: summons 3 friendly demons
  7370 | D:8      | Found a blossoming altar of Fedhas.
  7370 | D:8      | XOM: 5-stop teleportation journey
  7434 | D:8      | XOM: polymorph yak -> human
  7437 | D:8      | XOM: enchant monster (bad)
  7680 | D:8      | XOM: divination: magic mapping
  7695 | D:8      | XOM: god gift: scale mail {god gift}
  7706 | D:8      | Found a hide-covered altar of Uskayaw.
  7748 | D:8      | Found a staircase to the Lair.
  7996 | Lair:1   | Entered Level 1 of the Lair of Beasts
  8029 | Lair:1   | Noticed a cane toad
  8032 | Lair:1   | Killed a cane toad
  8187 | Lair:1   | Found a gate leading to a gauntlet.
  8194 | Lair:1   | XOM: give mutations
  8194 | Lair:1   | Gained mutation: You have large cloven feet. [Xom's
                  | mischief]
  8194 | Lair:1   | Lost mutation: You are vulnerable to heat. (rF-) [Xom's
                  | mischief]
  8194 | Lair:1   | Lost mutation: Your mind is acute. (Int +4, Str/Dex -1)
                  | [Xom's mischief]
  8194 | Lair:1   | Gained mutation: You are weak. (Str -2) [Xom's mischief]
  8208 | Gauntlet | Entered a Gauntlet
  8208 | Gauntlet | Noticed a torpor snail
  8208 | Gauntlet | Found a transporter.
  8265 | Gauntlet | Found a transporter.
  8268 | Gauntlet | Found a transporter.
  8269 | Gauntlet | Found a transporter.
  8272 | Gauntlet | Noticed a smoke demon
  8275 | Gauntlet | Found a runed translucent gate.
  8275 | Gauntlet | Found a runed translucent gate.
  8275 | Gauntlet | Found a runed translucent gate.
  8277 | Gauntlet | Found a transporter.
  8280 | Gauntlet | Found a transporter.
  8281 | Gauntlet | Found a transporter.
  8288 | Gauntlet | Found a runed translucent door.
  8291 | Gauntlet | Found a transporter.
  8292 | Gauntlet | Found a transporter.
  8293 | Gauntlet | Found a transporter.
  8293 | Gauntlet | Noticed a moth of wrath
  8295 | Gauntlet | Noticed an orange demon
  8296 | Gauntlet | Noticed a green death
  8300 | Gauntlet | Noticed an orange demon
  8301 | Gauntlet | Found a transporter.
  8304 | Gauntlet | Found a transporter.
  8305 | Gauntlet | Found a transporter.
  8309 | Gauntlet | XOM: god gift: 43 gold pieces
  8316 | Gauntlet | Found a transporter.
  8316 | Gauntlet | Noticed an orange crystal statue
  8414 | Gauntlet | XOM: confuse monster(s)
  8416 | Gauntlet | Reached skill level 11 in Long Blades
  8417 | Gauntlet | Killed a torpor snail
  8479 | Gauntlet | Killed a smoke demon
  8599 | Gauntlet | Reached XP level 11. HP: 75/84 MP: 11/11
  8680 | Gauntlet | XOM: divination: detect items
  8683 | Gauntlet | Mangled by a green death

Illustrated notes

Levels and vault maps discovered:
D:1:      minmay_arrival_open_corners, layout_rooms, kennysheep_boxes
D:2:      layout_loops_ring, serial_shops, nicolae_square_shop,
          grunt_ministairs_1, uniq_robin, uniq_jessica, uniq_sigmund
D:3:      layout_basic, mainiacjoe_overflow_tiny_flanked,
          nicolae_dithmenos_the_darkroom, uniq_natasha, uniq_ijyb
D:4:      layout_loops_corners, kennysheep_little_box,
          hangedman_abyss_or_decor_stabs, minmay_three_crescents
D:5:      layout_basic, lemuel_blue_sif_altar, minmay_temple_entry_crystal_x,
          minmay_gold_behind_fungi
D:6:      layout_cave_pools, trog_butcher_becter, ebering_ghost_gozag
D:7:      layout_gridville, grunt_decor_arrowhead
D:8:      cheibrodos_helix_gallery, layout_basic,
          mainiacjoe_overflow_large_starburst, lair_entry_dummy
Lair:1:   layout_regular_city, gauntlet_entry_generic,
          grunt_forest_small_clearings, minivault_25, lemuel_centaur_altar,
          infiniplex_staircase_pool_2
Gauntlet: gammafunk_gauntlet_77_escape_option [minmay_gauntlet_arena_77_mirror,
          minmay_gauntlet_arena_77_run_for_it, minmay_gauntlet_arena_77_path,
          minmay_gauntlet_arena_77_fan,
          minmay_gauntlet_arena_77_terracotta_army,
          dreamdust_gauntlet_exit_labyrinth]

Skill      XL: |  1  2  3  4  5  6  7  8  9 10 |
---------------+-------------------------------+-----
Armour         | 2 3 4 5 6 |  6.4
Dodging        | 1 2 |  2.2
Long Blades    | 3 4 5 6 8 9 11 | 11.5
Stealth        | 2 3 |  3.1
Fighting       | 4 5 6 7 |  7.2
Evocations     | 3 4 6 |  6.8

Action                     |  1- 3 |  4- 6 |  7- 9 | 10-12 || total
---------------------------+-------+-------+-------+-------++-------
  Melee: Falchion          |    89 |       |       |       ||    89
         Punch             |     2 |       |     1 |     1 ||     4
         Tailslap          |     8 |     6 |    13 |     8 ||    35
         Double sword      |       |    80 |   142 |    86 ||   308
  Evoke: Piece from Xom's  |       |     2 |     5 |       ||     7
         Wand              |       |       |     2 |     1 ||     3
    Use: Potion            |     5 |       |       |     6 ||    11
         Scroll            |       |     5 |     5 |     2 ||    12
   Stab: Paralysed         |     4 |       |     1 |       ||     5
         Petrified         |       |     5 |       |       ||     5
         Sleeping          |       |     2 |       |       ||     2
         Confused          |       |       |       |     1 ||     1
 Armour: Leather armour    |    40 |       |       |       ||    40
         Skin              |     1 |       |       |       ||     1
         Plate armour      |       |    88 |   142 |    45 ||   275
  Dodge: Dodged            |    57 |    17 |   108 |    50 ||   232

Table legend: (Time is in decaauts)
 A = Elapsed time spent in this place.
 B = Non-inter-level travel time spent in this place.
 C = Inter-level travel time spent in this place.
 D = Time resting spent in this place.
 E = Time spent auto-exploring this place.
 F = Levels seen in this place.
 G = Mean time per level.
                   A        B        C        D        E       F      G
               +--------+--------+--------+--------+--------+-----+--------+
         Total |   8746 |   8234 |    512 |   1283 |   4311 |  10 |  874.6 |
       Dungeon |   8055 |   7551 |    504 |   1017 |   4278 |   8 | 1006.9 |
          Lair |    215 |    207 |      8 |    134 |     32 |   1 |  215.0 |
      Gauntlet |    475 |    475 |      0 |    132 |      0 |   1 |  475.0 |
               +--------+--------+--------+--------+--------+-----+--------+

Top non-repeatable levels by time:
     D:3: 1409 daAuts
     D:7: 1262 daAuts
     D:2: 1059 daAuts
     D:8: 1040 daAuts
     D:5: 1035 daAuts
     D:4: 953 daAuts
     D:6: 669 daAuts
     D:1: 626 daAuts
Gauntlet: 475 daAuts
  Lair:1: 215 daAuts
